 Dungeon Crawl Stone Soup version 0.21.1-1-g345015f (webtiles) character file.

2978 kae the Insei (level 9, -14/61 HPs)
             Began as an Octopode Transmuter on June 11, 2018.
             Was a Priest of Makhleb.
             Demolished by a warg (17 damage)
             ... on level 8 of the Dungeon.
             The game lasted 00:08:14 (8457 turns).

kae the Insei (Octopode Transmuter)                 Turns: 8457, Time: 00:08:15

Health: -14/61     AC:  1    Str:  9    XL:     9   Next: 82%
Magic:  11/16      EV: 20    Int: 16    God:    Makhleb [***...]
Gold:   430        SH:  0    Dex: 18    Spells: 11/17 levels left

rFire    . . .     SeeInvis .     - Unarmed
rCold    + . .     Gourm    .   (no shield)
rNeg     . . .     Faith    .   (helmet restricted)
rPois    .         Spirit   .   n - amulet of regeneration
rElec    .         Reflect  .   d - +3 ring of evasion
rCorr    .         Harm     .   j - +3 ring of dexterity
MR       .....                  g - ring of protection from cold
Stlth    +++.......             (no ring)
HPRegen  0.60/turn              (no ring)
MPRegen  0.15/turn              (no ring)
                                (no ring)
                                (no ring)

@: about to teleport
A: almost no armour, stealthy swim, amphibious, 8 rings, constrict 8, camouflage
1, gelatinous body 1
a: Minor Destruction, Lesser Servant of Makhleb, Renounce Religion


You were on level 8 of the Dungeon.
You worshipped Makhleb.
Makhleb was most pleased with you.
You were hungry.

You visited 1 branch of the dungeon, and saw 8 of its levels.

You collected 430 gold pieces.

Inventory:

Missiles
 a - 42 arrows
Jewellery
 d - a +3 ring of evasion (left tentacle)
 g - a ring of protection from cold (on tentacle)
 i - an uncursed amulet of harm
 j - a +3 ring of dexterity (right tentacle)
 n - an amulet of regeneration (around mantle)
 r - an uncursed amulet of faith
Wands
 e - a wand of scattershot (5)
 t - a wand of polymorph (11)
Scrolls
 f - 5 scrolls of remove curse
 l - a scroll of magic mapping
 m - a scroll of identify
 p - 4 scrolls of teleportation
Potions
 h - a potion of haste {unknown}
 k - 3 potions of degeneration
 o - a potion of magic {unknown}
 s - a potion of resistance {unknown}
 u - a potion of mutation {unknown}
Books
 b - a book of Changes

   Spells                             Type                      Level
   a - Beastly Appendage              Transmutation                1
   b - Sticks to Snakes               Transmutation                2
   c - Spider Form                    Transmutation/Poison         3
   d - Ice Form                       Ice/Transmutation            4
   e - Blade Hands                    Transmutation                5
Comestibles
 c - 10 rations


   Skills:
 + Level 5.0 Fighting
 + Level 5.3 Dodging
 * Level 7.7 Unarmed Combat
 + Level 4.9 Spellcasting
 + Level 5.4 Transmutations
 + Level 5.1 Invocations


You had 11 spell levels left.
You knew the following spells:

 Your Spells              Type           Power        Failure   Level  Hunger
a - Beastly Appendage     Tmut           ###...       1%          1    None
b - Sticks to Snakes      Tmut           ###.....     2%          2    ##.....
c - Spider Form           Tmut/Pois      ##........   16%         3    ###....


Dungeon Overview and Level Annotations

Branches:
Dungeon (8/15)             Temple (0/1) D:7
   Lair: D:8-11

Altars:
Dithmenos
Fedhas
Gozag
Kikubaaqudgha
Makhleb
Okawaru

Shops:
D:7 }

Annotations:
D:3 kae's ghost, amateur OpTm


Innate Abilities, Weirdness & Mutations

You cannot wear most types of armour.
You are very stealthy in the water. (Stealth+)
You are amphibious.
You can wear up to eight rings at the same time.
You can use your tentacles to constrict eight enemies at once.
Your skin changes colour to match your surroundings (Stealth+).
Your rubbery body absorbs attacks. (AC +1, EV +1)


Message History

Your adder poisons the orc priest!
The warg completely misses you.
Your water moccasin bites the orc priest!
The orc priest dies!
Makhleb accepts your kill.
The orc priest invokes the aid of Beogh against you.
Beogh smites you!
* * * LOW HITPOINT WARNING * * *
The bullfrog completely misses you.
Your adder bites the orc.
Your water moccasin bites the centaur zombie!
The warg completely misses you.
You feel better.
Your transformation has ended.
The centaur zombie hits you!
* * * LOW HITPOINT WARNING * * *
The bullfrog misses you. The orc hits you but does no damage.
Your water moccasin bites the centaur zombie!
Your adder bites the orc.
The warg bites you.
* * * LOW HITPOINT WARNING * * *
The warg bites you!
You die...

.# ##.......... .#
##......... ##
#....>...# ## #.......##
.# ##.......### . .##
##..........####.. ..###
#.................
#...##..........oF......
##......####...S@hoo...#
##....## ##.?SZh.....#
##...# ##.........#
##...# ##........#
##....## ##........
##......# ##.....#.
#...###..# .....# ...##
#..# #....# ..## #..#


You could see 2 wargs, a bullfrog, an orc priest, an orc wizard, an orc, a
centaur zombie, a friendly water moccasin and a friendly adder.

Vanquished Creatures
  6 yaks
  A sky beast (D:7)
  2 ice beasts
  A phantom (D:5)
  2 ogres
  2 centaurs (D:5)
  A bullfrog (D:6)
  A water moccasin zombie (D:5)
  A water moccasin skeleton (D:8)
  3 wights (D:7)
  3 crimson imps
  A bullfrog zombie (D:6)
  2 centaur zombies
  2 hounds
  7 orc wizards
  3 orc priests
  A jelly (D:5)
  2 bullfrog skeletons
  4 worker ants
  A worker ant zombie (D:7)
  3 gnolls (D:4)
  8 adders
  2 worms
  2 dart slugs (D:1)
  4 leopard geckos
  16 orcs
  A ball python (D:2)
  5 bats
  4 giant cockroaches
  9 goblins
  8 hobgoblins
  2 jackals (D:3)
  4 quokkas
  4 frilled lizards
  5 kobolds
  A quokka zombie (D:5)
  5 rats
129 creatures vanquished.

Vanquished Creatures (collateral kills)
  The ghost of kae the Insei, an amateur OpTm of Gozag (D:5)
  A bullfrog (D:7)
  An orc priest (D:8)
  A hound zombie (D:7)
4 creatures vanquished.

Grand Total: 133 creatures vanquished

Notes
Turn   | Place    | Note
-------+----------+-------------------------------------------
     0 | D:1      | kae the Octopode Transmuter began the quest for the Orb.
     0 | D:1      | Reached XP level 1. HP: 13/13 MP: 3/3
    12 | D:1      | You fall through a shaft!
   176 | D:2      | Found an iron altar of Okawaru.
   176 | D:2      | Found a burning altar of Makhleb.
   187 | D:2      | Became a worshipper of Makhleb the Destroyer
   217 | D:2      | Reached XP level 2. HP: 18/18 MP: 3/5
  1221 | D:1      | Reached XP level 3. HP: 23/23 MP: 6/6
  2813 | D:3      | Reached skill level 1 in Invocations
  2813 | D:3      | Reached XP level 4. HP: 7/29 MP: 7/7
  2867 | D:3      | Learned a level 2 spell: Sticks to Snakes
  2871 | D:3      | Learned a level 3 spell: Spider Form
  3168 | D:3      | Reached * piety under Makhleb
  3317 | D:3      | Noticed kae's ghost (amateur OpTm)
  4017 | D:4      | Reached XP level 5. HP: 27/34 MP: 6/8
  4197 | D:4      | Reached skill level 4 in Unarmed Combat
  4780 | D:4      | Noticed a phantom
  5084 | D:5      | Entered Level 5 of the Dungeon
  5139 | D:5      | Reached XP level 6. HP: 33/39 MP: 8/10
  5215 | D:5      | Found an ancient bone altar of Kikubaaqudgha.
  5445 | D:5      | Reached XP level 7. HP: 15/45 MP: 3/11
  5449 | D:5      | HP: 2/45 [orc (3)]
  5589 | D:5      | Reached skill level 5 in Unarmed Combat
  5652 | D:5      | Reached ** piety under Makhleb
  5696 | D:5      | Found a shadowy altar of Dithmenos.
  5892 | D:5      | Noticed kae's ghost (amateur OpTm)
  5896 | D:5      | Found a shadowy altar of Dithmenos.
  5929 | D:5      | Killed kae's ghost
  5929 | D:5      | Reached XP level 8. HP: 21/52 MP: 9/13
  6212 | D:5      | Found a blossoming altar of Fedhas.
  6281 | D:6      | Found an opulent altar of Gozag.
  6415 | D:6      | Reached skill level 6 in Unarmed Combat
  7254 | D:7      | Reached XP level 9. HP: 58/58 MP: 15/15
  7574 | D:7      | Found Hoodoxtu's Gadget Shoppe.
  7682 | D:7      | Reached skill level 7 in Unarmed Combat
  7682 | D:7      | Reached skill level 5 in Transmutations
  7722 | D:7      | Found a staircase to the Ecumenical Temple.
  7925 | D:6      | Reached skill level 5 in Dodging
  8274 | D:8      | Reached skill level 5 in Fighting
  8274 | D:8      | Reached skill level 5 in Invocations
  8441 | D:8      | Reached *** piety under Makhleb
  8457 | D:8      | HP: 3/61 [warg (6)]
  8457 | D:8      | Demolished by a warg

Skill      XL: |  1  2  3  4  5  6  7  8  9 |
---------------+----------------------------+-----
Invocations    | 1 2 3 4 5 |  5.1
Fighting       | 2 3 4 5 |  5.0
Unarmed Combat | 4 5 6 7 |  7.7
Transmutations | 3 4 5 |  5.4
Dodging        | 3 4 5 |  5.3
Spellcasting   | 3 4 |  4.9

Action                   |  1- 3 |  4- 6 |  7- 9 || total
-------------------------+-------+-------+-------++-------
Melee: Unarmed           |    85 |   137 |   276 ||   498
       Constrict         |    25 |    22 |    22 ||    69
       Kick              |    10 |    13 |    11 ||    34
       Tentacles         |    10 |    22 |    24 ||    56
       Punch             |     1 |     5 |    11 ||    17
 Cast: Beastly Appendage |    19 |    13 |     9 ||    41
       Sticks to Snakes  |       |     5 |    15 ||    20
       Spider Form       |       |     3 |    15 ||    18
  Use: Scroll            |     5 |     4 |     3 ||    12
       Potion            |       |     4 |     2 ||     6
 Stab: Sleeping          |     5 |     8 |     4 ||    17
       Distracted        |       |       |     1 ||     1
  Eat: Chunk             |     6 |     9 |     8 ||    23
       Ration            |       |       |     1 ||     1
Armor: Skin              |     5 |     5 |    12 ||    22
Dodge: Dodged            |    51 |   100 |   207 ||   358
